 Dungeon Crawl Stone Soup version 0.30.1-6-gbe392663c4 (webtiles) character file.

Game seed: 1358170785092496153

496 safid the Chiller (level 7, 0/54 HPs)
             Began as a Merfolk Ice Elementalist on Sept 21, 2023.
             Slain by a lemure (6 damage)
             ... led by Pikel
             ... on level 4 of the Dungeon.
             The game lasted 00:07:53 (5270 turns).

safid the Chiller (Merfolk Ice Elementalist)        Turns: 5270, Time: 00:07:53

Health: 0/54       AC:  9    Str:  8    XL:     7   Next: 15%
Magic:  2/13       EV: 13    Int: 17    God:
Gold:   159        SH:  0    Dex: 14    Spells: 7/14 levels left

rFire   . . .        m - +1 spear (flame)
rCold   . . .        (no shield)
rNeg    . . .        a - +0 robe
rPois   .            (no helmet)
rElec   .            (no cloak)
rCorr   .            (no gloves)
SInv    .            (no boots)
Will    .....        (no amulet)
Stlth   ++           (no ring)
HPRegen 0.29/turn    (no ring)
MPRegen 0.13/turn

%: no passive effects
@: ice-armoured, freezing walls
A: (nimble swimmer 2), mertail
a: no special abilities


You were on level 4 of the Dungeon.
You visited 1 branch of the dungeon, and saw 5 of its levels.
You also visited: Sewer.

You collected 243 gold pieces.
You spent 84 gold pieces at shops.

Inventory:

Hand Weapons
 m - a +1 spear of flaming (weapon)
Armour
 a - a +0 robe (worn)
Jewellery
 g - a ring of ice
Scrolls
 c - a scroll of fear (quivered)
 e - 2 scrolls of vulnerability {unknown}
 h - 2 scrolls of teleportation {unknown}
 i - a scroll of acquirement {unknown}
 l - 2 scrolls of identify
 o - a scroll of fog {unknown}
 p - a scroll of summoning {unknown}
 q - a scroll of amnesia {unknown}
 v - a scroll of enchant weapon {unknown}
 w - a scroll of blinking {unknown}
Potions
 b - a potion of magic
 d - a potion of cancellation {unknown}
 f - 2 potions of heal wounds
 j - 3 potions of curing {unknown}
 k - a potion of might {unknown}
 n - a potion of experience {unknown}
 r - a potion of ambrosia {unknown}
 t - a potion of brilliance {unknown}
 u - a potion of mutation {unknown}
Miscellaneous
 s - a box of beasts


   Skills:
 + Level 4.3 Fighting
 + Level 3.0 Dodging
 - Level 2.1 Stealth
 + Level 4.2 Spellcasting
 + Level 6.3 Ice Magic


You had 7 spell levels left.
You knew the following spells:

 Your Spells              Type           Power      Damage    Failure   Level
a - Freeze                Ice            100%       1d10      1%          1
b - Frozen Ramparts       Ice            50%        1d8       3%          3
c - Ozocubu's Armour      Ice            25%        N/A       3%          3

Your spell library contained the following spells:

 Spells                   Type           Power      Damage    Failure   Level
 Ensorcelled Hibernation  Hex/Ice        28%        N/A       6%          2
 Hailstorm                Conj/Ice       14%        3d5       13%         3
 Magic Dart               Conj           12%        1d3       16%         1
 Call Imp                 Summ           6%         N/A       24%         2
 Summon Ice Beast         Ice/Summ       14%        N/A       38%         4
 Mephitic Cloud           Conj/Pois/Air  3%         N/A       43%         3
 Spider Form              Tmut/Pois      3%         N/A       43%         3
 Anguish                  Hex/Necr       1%         N/A       83%         4


Dungeon Overview and Level Annotations

Branches:
Dungeon (5/15)              Sewer (visited)
 Temple: D:4-7

Altars:
Qazlal
Uskayaw

Shops:
D:3 (:!

Annotations:
D:5 Pikel


Innate Abilities, Weirdness & Mutations

((You are very nimble when in or above water. (Stealth+, EV+, Speed+++)))
Your lower body shifts to a powerful aquatic tail in water.


Message History

The lemure completely misses you.
The wall freezes the lemure but does no damage.
The lemure hits you.
The wall freezes the lemure.
The lemure hits you.
Unknown command.
You hit the lemure. You burn the lemure.
The lemure is heavily wounded.
The lemure hits you.
The wall freezes the lemure.
The lemure hits you but does no damage.
The wall freezes the lemure but does no damage.
The lemure hits you!
The wall freezes the lemure.
The lemure hits you.
Unknown command.
You barely miss the lemure.
The lemure is heavily wounded.
The lemure barely misses you.
The wall freezes the lemure.
The lemure closely misses you.
The wall freezes the lemure.
The lemure hits you but does no damage.
The wall freezes the lemure.
The lemure hits you!
* * * LOW HITPOINT WARNING * * *
Unknown command.
As you read the scroll labelled SAFIFI TUCZIR, it crumbles to dust.
It is a scroll of identify.
c - 2 scrolls of fear The lemure hits you.
* * * LOW HITPOINT WARNING * * *
The wall freezes the lemure.
The lemure closely misses you.
The wall freezes the lemure.
The lemure closely misses you.
The wall freezes the lemure.
The lemure barely misses you.
Unknown command.
Okay, then.
Read: 2 scrolls of fear
Press: ? - help, Q - select action, (/) - cycle Dir - look around, f - activate Look: a lemure (severely wounded, chance to affect: 97%)
As you read the scroll of fear, it crumbles to dust.
You assume a fearsome visage.
The lemure looks frightened! x4
The wall freezes the lemure but does no damage. x2
The wall freezes the lemure.
Your attack snaps the lemure out of its fear.
The lemure hits you.
You die...

#############
#...........#
#.#########.#############
#.# ####@.5..............
#.# #..5....###...#######
#)# #...5.5..#..........#
#.# #........+..........'
#.# #.......##..........#
#.# #.......''.....#..###
#.# #.......##...#.......
#.#########........#~.~#.
#.##.......(####...~~~~~.


You could see 4 lemures.

Vanquished Creatures
  2 bullfrogs (Sewer)
  2 jellies (D:4)
  2 hounds (D:4)
  An iguana (D:4)
  11 adders
  2 worms
  5 dart slugs
  3 orcs (D:4)
  2 bats (D:1)
  4 endoplasms
  11 giant cockroaches
  6 goblins
  7 hobgoblins
  3 jackals (D:2)
  8 kobolds
  13 quokkas
  12 ball pythons
  13 frilled lizards
  6 rats
113 creatures vanquished.

Notes
Turn   | Place    | Note
-------+----------+-------------------------------------------
     0 | D:1      | safid the Merfolk Ice Elementalist began the quest for the
                  | Orb.
     0 | D:1      | Reached XP level 1. HP: 13/13 MP: 3/3
   276 | D:1      | Reached XP level 2. HP: 19/20 MP: 5/5
   343 | D:1      | Reached skill level 1 in Fighting
  1053 | D:2      | Reached XP level 3. HP: 26/26 MP: 6/6
  1871 | D:2      | Reached skill level 5 in Ice Magic
  1871 | D:2      | Reached XP level 4. HP: 33/33 MP: 4/8
  1925 | D:2      | Learned a level 3 spell: Frozen Ramparts
  1929 | D:2      | Learned a level 3 spell: Ozocubu's Armour
  2446 | D:3      | Found Sausoajimu's Book Shop.
  2479 | D:3      | Found a stormy altar of Qazlal.
  2489 | D:3      | Found Toonyb's Distillery.
  2497 | D:3      | Bought a potion of heal wounds for 70 gold pieces
  2497 | D:3      | Bought a potion of degeneration for 14 gold pieces
  2832 | D:3      | Found a hide-covered altar of Uskayaw.
  2890 | D:3      | Found Tycwula's Antique Weapon Boutique.
  3719 | D:4      | Reached XP level 5. HP: 38/39 MP: 9/9
  3893 | D:4      | Found a glowing drain.
  3903 | Sewer    | Entered a sewer
  4021 | Sewer    | Reached XP level 6. HP: 16/47 MP: 8/11
  4230 | Sewer    | Reached skill level 6 in Ice Magic
  4850 | D:4      | Reached XP level 7. HP: 45/54 MP: 13/13
  5258 | D:5      | Entered Level 5 of the Dungeon
  5258 | D:5      | Noticed Pikel
  5270 | D:4      | Slain by a lemure

Illustrated notes

Levels and vault maps discovered:
D:1:      kennysheep_arrival_seaside, layout_loops_ring, kennysheep_doodads
D:2:      kennysheep_six_static_rooms, layout_basic
D:3:      layout_loops_corners, nicolae_uskayaw_murder_on_the_dancefloor,
          mainiacjoe_overflow_surrounded_room, shapermc_ecumenical_altar_petra,
          serial_shops, shop, shop, nicolae_book_shop_shelving,
          roderic_serpentine_path, grunt_ministairs_7, minmay_misc_feat_alley,
          chequers_serial_rivers_micro_b
D:4:      layout_basic, cheibrodos_sewer_entry_drain, kennysheep_nondescript,
          saegor_snake_ambush
D:5:      cheibrodos_thug_alley, layout_cave_pools,
          mainiacjoe_overflow_concentric_impassable, uniq_pikel,
          uniq_blork_the_orc

Skill      XL: |  1  2  3  4  5  6  7 |
---------------+----------------------+-----
Fighting       | 1 2 3 4 |  4.3
Ice Magic      | 5 6 |  6.3
Spellcasting   | 3 4 |  4.2
Dodging        | 3 |  3.0
Stealth        | |  2.1

Action                     |  1- 3 |  4- 6 |  7- 9 || total
---------------------------+-------+-------+-------++-------
  Melee: Short sword       |   102 |       |       ||   102
         Spear             |    23 |   250 |     9 ||   282
         Punch             |     1 |     1 |       ||     2
         Tailslap          |       |     2 |       ||     2
   Cast: Freeze            |    18 |     7 |       ||    25
         Frozen Ramparts   |       |     4 |     3 ||     7
         Ozocubu's Armour  |       |     1 |     3 ||     4
    Use: Scroll            |       |       |     2 ||     2
   Stab: Sleeping          |     8 |    20 |       ||    28
 Armour: Robe              |    21 |    37 |     5 ||    63
  Dodge: Dodged            |    88 |   126 |    18 ||   232
